 Dungeon Crawl Stone Soup version 0.21.1-1-g345015fe64 (webtiles) character file.

1464 frumblo the Charmwright (level 8, -19/64 HPs)
             Began as a Gnoll Skald on Feb 19, 2018.
             Demolished by a two-headed ogre
             ... wielding a +0 giant club
              (25 damage)
             ... on level 7 of the Dungeon.
             The game lasted 00:17:08 (10381 turns).

frumblo the Charmwright (Gnoll Skald)              Turns: 10381, Time: 00:17:08

Health: -19/64     AC:  5    Str: 15    XL:     8   Next: 77%
Magic:  17/17      EV: 15    Int: 16    God:
Gold:   341        SH:  0    Dex: 15    Spells: 18/19 levels left

rFire    . . .     SeeInvis .   a - +0 falchion
rCold    . . .     Gourm    .   (no shield)
rNeg     . . .     Faith    .   l - +0 leather armour (curse)
rPois    .         Spirit   .   (no helmet)
rElec    .         Reflect  .   v - +1 cloak
rCorr    .         Harm     .   (no gloves)
MR       .....                  (no boots)
Stlth    ++........             (no amulet)
HPRegen  0.20/turn              (no ring)
MPRegen  0.15/turn              (no ring)

@: lethally poisoned (-19 -> -25)
A: distributed training, fangs 1, strong nose
a: no special abilities


You were on level 7 of the Dungeon.
You were not hungry.

You visited 1 branch of the dungeon, and saw 8 of its levels.

You collected 389 gold pieces.
You spent 48 gold pieces at shops.

Inventory:

Hand Weapons
 a - a +0 falchion (weapon)
Armour
 b - a +0 leather armour
 l - a cursed +0 leather armour (worn)
 v - a +1 cloak (worn)
Jewellery
 r - an uncursed ring of flight {unknown}
Wands
 z - a wand of flame (26)
 A - a wand of enslavement (14)
 B - a wand of paralysis (7)
Scrolls
 e - a scroll of immolation {unknown}
 f - a scroll of teleportation {unknown}
 g - 5 scrolls of enchant armour {unknown}
 h - 4 scrolls of fear {unknown}
 i - 11 scrolls of identify {unknown}
 j - 3 scrolls of blinking {unknown}
 k - 3 scrolls of amnesia {unknown}
 p - 4 scrolls of enchant weapon {unknown}
 q - 3 scrolls of remove curse {unknown}
 s - 2 scrolls of fog {unknown}
 w - a scroll of random uselessness {unknown}
 D - a scroll of noise {unknown}
Potions
 n - a potion of flight {unknown}
 o - a potion of magic {unknown}
 t - a potion of brilliance
 x - a potion of might {unknown}
 C - a potion of invisibility {unknown}
Books
 c - a book of Battle

   Spells                             Type                      Level
   a - Infusion                       Charms                       1
   b - Shroud of Golubria             Charms/Translocation         2
   c - Song of Slaying                Charms                       2
   d - Spectral Weapon                Hexes/Charms                 3
   e - Regeneration                   Charms/Necromancy            3
Comestibles
 d - 7 rations


   Skills:
 + Level 5.8 Fighting
 + Level 3.5 Short Blades
 + Level 5.8 Long Blades
 + Level 3.5 Axes
 + Level 3.5 Maces & Flails
 + Level 3.5 Polearms
 + Level 3.5 Staves
 + Level 3.5 Slings
 + Level 3.5 Bows
 + Level 3.5 Crossbows
 + Level 3.5 Throwing
 + Level 4.4 Armour
 + Level 5.8 Dodging
 + Level 3.5 Stealth
 + Level 3.5 Shields
 + Level 3.5 Unarmed Combat
 + Level 6.1 Spellcasting
 + Level 2.8 Conjurations
 + Level 2.8 Hexes
 + Level 6.2 Charms
 + Level 2.8 Summonings
 + Level 2.8 Necromancy
 + Level 2.8 Translocations
 + Level 2.8 Transmutations
 + Level 2.8 Fire Magic
 + Level 2.8 Ice Magic
 + Level 2.8 Air Magic
 + Level 2.8 Earth Magic
 + Level 2.8 Poison Magic
 + Level 3.8 Invocations
 + Level 3.5 Evocations


You had 18 spell levels left.
You knew the following spells:

 Your Spells              Type           Power        Failure   Level  Hunger
a - Infusion              Chrm           ###.         1%          1    None


Dungeon Overview and Level Annotations

Branches:
Dungeon (8/15)             Temple (0/1) D:7
   Lair: D:8-11

Altars:
Ashenzari
Elyvilon
Gozag
Hepliaklqana
Makhleb
Nemelex Xobeh
Qazlal
Sif Muna
Trog
Yredelemnul

Shops:
D:5 *


Innate Abilities, Weirdness & Mutations

Your experience applies equally to all skills.
You have very sharp teeth.
Your uncanny sense of smell can sniff out nearby items.


Message History

The hippogriff pecks you.
* * * LOW HITPOINT WARNING * * *
The hippogriff completely misses you. The worker ant closely misses you.
You climb upwards.
The two-headed ogre barely misses you. The two-headed ogre misses you.
There is a stone staircase leading down here.
Unknown command.
You miss the killer bee. The killer bee barely misses you.
The two-headed ogre misses you. The two-headed ogre closely misses you.
The killer bee closely misses you. The orc warrior hits you with a mace.
* * * LOW HITPOINT WARNING * * *
The hippogriff closely misses you. The hippogriff barely misses you. x2
Unknown command.
Unknown command.
The killer bee stings you.
* * * LOW HITPOINT WARNING * * *
You are lethally poisoned!
The killer bee poisons you! The killer bee barely misses you.
The two-headed ogre hits you with a giant club!!
You die...

..............#
..............#
..............##
...............#
).............##
..............# ###
[............## #.###
##...........#
##O..##
###.........###@y...#
# ###.........#oH...#
### ##.........a....#
..## ###..##........#
...## #######......#
....## #.......#
.....# #......##
.....# #......#
....## ##......#


You could see a two-headed ogre, a hippogriff, an orc warrior, a worker ant and
a killer bee.

Vanquished Creatures
  2 ice beasts
  A phantom (D:6)
  Blork the orc (D:6)
  2 big kobolds
  3 bullfrogs
  A wyvern skeleton (D:6)
  A killer bee (D:6)
  3 crimson imps
  A bullfrog zombie (D:6)
  A bullfrog skeleton (D:5)
  3 hounds
  An orc priest (D:7)
  Jessica (D:2)
  An iguana (D:5)
  3 orc wizards
  3 worker ants
  Ijyb (D:4)
  A killer bee zombie (D:5)
  3 gnolls (D:3)
  6 adders
  A worm (D:2)
  3 dart slugs
  7 leopard geckos
  7 orcs
  7 bats
  2 giant cockroaches
  3 goblins
  8 hobgoblins
  6 jackals
  3 quokkas
  3 frilled lizards
  A giant cockroach zombie (D:5)
  A jackal skeleton (D:6)
  15 kobolds
  A quokka skeleton (D:5)
  5 rats
112 creatures vanquished.

Notes
Turn   | Place    | Note
-------+----------+-------------------------------------------
     0 | D:1      | frumblo the Gnoll Skald began the quest for the Orb.
     0 | D:1      | Reached XP level 1. HP: 20/20 MP: 6/6
   243 | D:1      | Reached XP level 2. HP: 22/26 MP: 7/7
   727 | D:1      | Reached XP level 3. HP: 30/31 MP: 9/9
   791 | D:1      | Reached skill level 5 in Spellcasting
  1280 | D:2      | Reached skill level 1 in Invocations
  1570 | D:2      | Reached skill level 1 in Short Blades
  1570 | D:2      | Reached skill level 1 in Axes
  1570 | D:2      | Reached skill level 1 in Maces & Flails
  1570 | D:2      | Reached skill level 1 in Polearms
  1570 | D:2      | Reached skill level 1 in Staves
  1570 | D:2      | Reached skill level 1 in Slings
  1570 | D:2      | Reached skill level 1 in Bows
  1570 | D:2      | Reached skill level 1 in Crossbows
  1570 | D:2      | Reached skill level 1 in Throwing
  1570 | D:2      | Reached skill level 1 in Stealth
  1570 | D:2      | Reached skill level 1 in Shields
  1570 | D:2      | Reached skill level 1 in Unarmed Combat
  1570 | D:2      | Reached skill level 1 in Evocations
  1678 | D:2      | Reached XP level 4. HP: 38/38 MP: 11/11
  2249 | D:2      | Noticed Jessica
  2278 | D:2      | Killed Jessica
  2278 | D:2      | Reached skill level 1 in Conjurations
  2278 | D:2      | Reached skill level 1 in Hexes
  2278 | D:2      | Reached skill level 1 in Summonings
  2278 | D:2      | Reached skill level 1 in Necromancy
  2278 | D:2      | Reached skill level 1 in Translocations
  2278 | D:2      | Reached skill level 1 in Transmutations
  2278 | D:2      | Reached skill level 1 in Fire Magic
  2278 | D:2      | Reached skill level 1 in Ice Magic
  2278 | D:2      | Reached skill level 1 in Air Magic
  2278 | D:2      | Reached skill level 1 in Earth Magic
  2278 | D:2      | Reached skill level 1 in Poison Magic
  2278 | D:2      | Reached XP level 5. HP: 43/43 MP: 8/12
  2453 | D:2      | Found a shattered altar of Ashenzari.
  2768 | D:3      | Found a white marble altar of Elyvilon.
  3014 | D:3      | Found an opulent altar of Gozag.
  3853 | D:4      | Found a burning altar of Makhleb.
  4045 | D:4      | Noticed Ijyb
  4145 | D:4      | Killed Ijyb
  4145 | D:4      | Reached XP level 6. HP: 50/50 MP: 9/13
  4405 | D:5      | Entered Level 5 of the Dungeon
  4408 | D:5      | Noticed an ice beast
  4806 | D:3      | Killed an ice beast
  4806 | D:3      | Reached skill level 5 in Fighting
  4806 | D:3      | Reached skill level 5 in Long Blades
  4806 | D:3      | Reached skill level 5 in Dodging
  5626 | D:5      | Reached XP level 7. HP: 48/56 MP: 11/15
  6096 | D:5      | Found Ijimaluts's General Store.
  6104 | D:5      | Bought 2 poisoned javelins for 48 gold pieces
  6419 | D:6      | Noticed Blork the orc
  6743 | D:6      | Killed Blork the orc
  6779 | D:5      | HP: 2/56 [poisoned by Blork the orc]
  7149 | D:6      | Found a basalt altar of Yredelemnul.
  7283 | D:6      | HP: 2/56 [ice beast (14)]
  7328 | D:6      | Reached XP level 8. HP: 14/63 MP: 11/16
  7965 | D:6      | Found a sparkling altar of Nemelex Xobeh.
  7966 | D:6      | Found a deep blue altar of Sif Muna.
  7972 | D:6      | Found a stormy altar of Qazlal.
  7973 | D:6      | Found a bloodstained altar of Trog.
  8915 | D:7      | Found a hazy altar of Hepliaklqana.
  9538 | D:7      | Found a staircase to the Ecumenical Temple.
  9886 | D:7      | Noticed a two-headed ogre
 10373 | D:8      | Noticed a hippogriff
 10377 | D:8      | Noticed a centaur warrior
 10379 | D:8      | Noticed a yak
 10381 | D:7      | Demolished by a two-headed ogre

Skill      XL: |  1  2  3  4  5  6  7  8 |
---------------+-------------------------+-----
Spellcasting   | 5 6 |  6.1
Invocations    | 1 2 3 |  3.8
Short Blades   | 1 2 3 |  3.5
Axes           | 1 2 3 |  3.5
Maces & Flails | 1 2 3 |  3.5
Polearms       | 1 2 3 |  3.5
Staves         | 1 2 3 |  3.5
Slings         | 1 2 3 |  3.5
Bows           | 1 2 3 |  3.5
Crossbows      | 1 2 3 |  3.5
Throwing       | 1 2 3 |  3.5
Stealth        | 1 2 3 |  3.5
Shields        | 1 2 3 |  3.5
Unarmed Combat | 1 2 3 |  3.5
Evocations     | 1 2 3 |  3.5
Conjurations   | 1 2 |  2.8
Hexes          | 1 2 |  2.8
Summonings     | 1 2 |  2.8
Necromancy     | 1 2 |  2.8
Translocations | 1 2 |  2.8
Transmutations | 1 2 |  2.8
Fire Magic     | 1 2 |  2.8
Ice Magic      | 1 2 |  2.8
Air Magic      | 1 2 |  2.8
Earth Magic    | 1 2 |  2.8
Poison Magic   | 1 2 |  2.8
Armour         | 3 4 |  4.4
Fighting       | 5 |  5.8
Long Blades    | 5 |  5.8
Dodging        | 5 |  5.8
Charms         | 6 |  6.2

Action                   |  1- 3 |  4- 6 |  7- 9 || total
-------------------------+-------+-------+-------++-------
Melee: Falchion          |   102 |   138 |   299 ||   539
       Bite              |     8 |    20 |    34 ||    62
       Unarmed           |       |     4 |       ||     4
       Punch             |       |       |     2 ||     2
Throw: Tomahawk          |     2 |     9 |    10 ||    21
       Javelin           |       |       |     3 ||     3
 Cast: Infusion          |       |    16 |     6 ||    22
  Use: Potion            |       |     4 |     8 ||    12
 Stab: Sleeping          |     2 |     3 |     5 ||    10
  Eat: Chunk             |     2 |     8 |       ||    10
       Ration            |       |     2 |     4 ||     6
Armor: Leather armour    |    24 |    14 |    87 ||   125
       Skin              |       |     2 |    22 ||    24
Dodge: Dodged            |    83 |   117 |   268 ||   468
       Rpst.: Falchion   |    23 |    42 |    75 ||   140
